 Dungeon Crawl Stone Soup version 0.31.0-11-ge490571c62 (webtiles) character file.

Game seed: 1210547725475229323

146 SnakkuSnakku7 the Trooper (level 5, 0/41 HPs)
             Began as a Merfolk Air Elementalist on Jan 31, 2024.
             Slain by a lemure (4 damage)
             ... led by Pikel
             ... on level 3 of the Dungeon.
             The game lasted 00:06:43 (2995 turns).

SnakkuSnakku7 the Trooper (MfAE)                    Turns: 2995, Time: 00:06:44

Health: 0/41       AC:  3    Str: 11    XL:     5   Next: 28%
Magic:  8/8        EV: 12    Int: 14    God:
Gold:   148        SH:  0    Dex: 14    Spells: 7/8 levels left

rFire   . .          .
                       - Unarmed
rCold   . . .        (no shield)
rNeg    . . .        a - +0 robe
rPois   .            e - +0 helmet
rElec   .            (no cloak)
rCorr   .            (no gloves)
SInv    .            (no boots)
Will    .....        (no amulet)
Stlth   ++           (no ring)
HPRegen 0.26/turn    (no ring)
MPRegen 0.11/turn

%: no passive effects
@: no status effects
A: (nimble swimmer 2), mertail
a: no special abilities


You were on level 3 of the Dungeon.
You visited 1 branch of the dungeon, and saw 4 of its levels.

You collected 148 gold pieces.

Inventory:

Armour
 a - a +0 robe (worn)
 e - a +0 helmet (worn)
Scrolls
 f - 2 scrolls of poison
 g - 2 scrolls of teleportation
 h - a scroll of acquirement {unknown}
 j - a scroll of vulnerability
Potions
 b - 2 potions of magic
 c - 2 potions of heal wounds
 d - a potion of mutation {unknown}
 i - a potion of cancellation {unknown}
 k - a potion of enlightenment
 l - a potion of haste
 m - a potion of attraction


   Skills:
 + Level 3.6 Fighting
 - Level 2.6 Dodging
 - Level 2.1 Stealth
 + Level 3.5 Unarmed Combat
 - Level 2.0 Spellcasting
 - Level 0.7 Conjurations
 - Level 2.4 Air Magic


You had 7 spell levels left.
You knew the following spells:

 Your Spells              Type           Power      Damage    Failure   Level
a - Shock                 Conj/Air       20%        1d4       13%         1

Your spell library contained the following spells:

 Spells                   Type           Power      Damage    Failure   Level
 Static Discharge         Conj/Air       10%        3-4/arc   19%         2
 Kiss of Death            Conj/Necr      8%         2d6       21%         1
 Swiftness                Air            8%         N/A       26%         3
 Confusing Touch          Hex            1%         N/A       56%         3
 Airstrike                Air            4%         2d(1-17)  65%         4
 Dispel Undead            Necr           1%         3d6       93%         4
 Olgreb's Toxic Radiance  Alch           1%         N/A       93%         4
 Ozocubu's Refrigeration  Ice            0%         4d7       100%        7
 Discord                  Hex            0%         N/A       100%        8


Dungeon Overview and Level Annotations

Branches:
Dungeon (4/15)
 Temple: D:4-7

Altars:
Gozag

Annotations:
D:3 Pikel


Innate Abilities, Weirdness & Mutations

((You are very nimble when in or above water. (Stealth+, EV+, Speed+++)))
Your lower body shifts to a powerful aquatic tail in water.


Message History

Pikel says, "You'll make a fine lemure."
HP restored.
The orc throws a boomerang.
The boomerang closely misses you. The orc hits you with a +0 flail.
You climb upwards.
There is a stone staircase leading down here.
You hit the orc.
The orc is moderately wounded.
The orc barely misses you.
You hit the orc.
The orc is heavily wounded.
You closely miss the orc.
The orc is heavily wounded.
The orc hits you with a +0 flail.
You hit the orc.
The orc is almost dead.
The orc hits you with a +0 flail!
You hit the orc.
You kill the orc!
You start resting.
HP restored.
You climb downwards.
Level annotation: Pikel The orc throws a boomerang.
The boomerang hits you. The lemure hits you.
Pikel hits you with a +0 whip of freezing.
Pikel freezes you.
There is a stone staircase leading up, spattered with blood here.
Unknown command.
The lemure hits you!
Pikel hits you with a +0 whip of freezing.
Pikel freezes you.
You climb upwards.
There is a stone staircase leading down here.
Unknown command.
Pikel attacks as he pursues you!
Pikel hits you with a +0 whip of freezing!
* * * LOW HITPOINT WARNING * * *
Pikel freezes you.
* * * LOW HITPOINT WARNING * * *
The lemure hits you.
You die...

##'##....#.#
#.#####.#
....'....#.###
#.......#
....#....#...##
#########
....###'####..##
....# #...###..#
....####.......#
.......#...##..##
.......#...##.[5#####
.......#...####K@...#
########...# #####.#
.....# #...# #.#
.....# #...# #.#
.....# #...# #.#
.....# #...# #.#
.....# #...# #.#
.....# ##### ###.#
.....# #...#


You could see Pikel and a lemure.

Vanquished Creatures
  Robin (D:1)
  4 gnolls
  An adder (D:1)
  4 dart slugs
  3 orcs (D:3)
  8 ball pythons
  6 endoplasms
  6 giant cockroaches
  15 goblins
  6 hobgoblins
  2 jackals (D:1)
  A kobold (D:3)
  A quokka (D:1)
  3 bats
  4 frilled lizards
  4 rats
69 creatures vanquished.

Notes
Turn   | Place    | Note
-------+----------+-------------------------------------------
     0 | D:1      | SnakkuSnakku7 the Merfolk Air Elementalist began the quest
                  | for the Orb.
     0 | D:1      | Reached XP level 1. HP: 13/13 MP: 3/3
   139 | D:1      | Reached skill level 1 in Fighting
   139 | D:1      | Reached skill level 1 in Unarmed Combat
   139 | D:1      | Reached XP level 2. HP: 21/21 MP: 5/5
   406 | D:1      | Reached XP level 3. HP: 21/27 MP: 6/6
   627 | D:2      | Found an opulent altar of Gozag.
   871 | D:2      | Noticed Robin
   883 | D:1      | Reached XP level 4. HP: 34/34 MP: 7/7
   917 | D:1      | Killed Robin
  1154 | D:2      | Found a faded altar of an unknown god.
  2239 | D:3      | Reached XP level 5. HP: 22/41 MP: 8/8
  2337 | D:3      | HP: 2/41 [gnoll/+0 halberd (3)]
  2921 | D:4      | Noticed a lemure
  2923 | D:4      | Noticed Pikel
  2925 | D:4      | Noticed a lemure
  2992 | D:4      | Noticed a lemure
  2992 | D:4      | Noticed a lemure
  2995 | D:3      | Slain by a lemure

Illustrated notes

Levels and vault maps discovered:
D:1:      heliophobic_arrival_enchanted_forest, layout_loops_cross
D:2:      layout_basic, basic_altar, shapermc_ecumenical_altar_starsandcircs,
          uniq_robin
D:3:      layout_basic
D:4:      layout_rooms, cheibrodos_gnoll_hut, uniq_pikel, uniq_natasha

Skill      XL: |  1  2  3  4 |
---------------+-------------+-----
Fighting       | 1 2 3 |  3.6
Unarmed Combat | 1 2 3 |  3.5
Dodging        | |  2.6
Stealth        | |  2.1
Spellcasting   | |  2.0
Conjurations   | |  0.7
Air Magic      | |  2.4

Action                     |  1- 3 |  4- 6 || total
---------------------------+-------+-------++-------
  Melee: Unarmed           |   152 |   125 ||   277
         Punch             |     2 |     3 ||     5
   Cast: Shock             |    11 |       ||    11
    Use: Potion            |     1 |       ||     1
         Scroll            |       |     7 ||     7
   Stab: Sleeping          |     6 |     6 ||    12
 Armour: Robe              |    88 |    75 ||   163
  Dodge: Dodged            |   111 |    74 ||   185
